 Dungeon Crawl Stone Soup version 0.29.0-4-gdea44cf6ec (webtiles) character file.

Game seed: 7397684327946464032

13764 qw the Brawler (level 11, -12/105 HPs)
             Began as a Troll Cinder Acolyte on Aug 31, 2022.
             Was a Follower of Ignis.
             Mangled by a naga warrior
             ... wielding a +0 war axe
              (19 damage)
             ... on level 1 of the Abyss.
             The game lasted 00:05:19 (7446 turns).

qw the Brawler (Troll Cinder Acolyte)               Turns: 7446, Time: 00:05:19

Health: -12/105    AC: 13    Str: 34    XL:     11   Next: 79%
Magic:  11/11      EV:  6    Int: 10    God:    Ignis [*.....]
Gold:   55         SH: 11    Dex:  5    Spells: 12/12 levels left

rFire   + . .      SeeInvis .     - Unarmed
rCold   + + .      Faith    .   r - +0 tower shield
rNeg    . . .      Spirit   .   n - +2 robe {rC+}
rPois   .          Reflect  .   (helmet restricted)
rElec   .          Harm     .   (no cloak)
rCorr   .          Rampage  .   (gloves unavailable)
Will    .....                   (boots unavailable)
Stlth   +.........              b - amulet of the acrobat
HPRegen 1.07/turn               i - ring of protection from cold
MPRegen 0.12/turn               o - +6 ring of strength

@: lethally poisoned (-12 -> -12), fiery-armoured, slowed, very slow
A: large, unfitting armour, claws 3, regeneration 1, shaggy fur 1, tough skin 1
a: Renounce Religion, Fiery Armour, Foxfire Swarm, Rising Flame


You were on level 1 of the Abyss.
You worshipped Ignis.
Ignis was aware of your devotion.
You visited 1 branch of the dungeon, and saw 9 of its levels.
You visited the Abyss 1 time.

You collected 327 gold pieces.
You spent 272 gold pieces at shops.


Innate Abilities, Weirdness & Mutations

You are too large for most types of armour.
You have claws for hands.
Your natural rate of healing is unusually fast.
You are covered in fur. (AC +1)
You have tough skin. (AC +1)


   Skills:
 - Level 6.1 Fighting
 - Level 5.6 Throwing
 - Level 1.1 Dodging
 + Level 5.7 Shields
 - Level 16.1 Unarmed Combat
 - Level 1.0 Spellcasting
 - Level 2.1 Fire Magic


You had 12 spell levels left.
You didn't know any spells.
Your spell library contained the following spells:

 Spells                   Type           Power      Damage    Failure   Level
 Scorch                   Fire           8%         2d5       77%         2

Inventory:

Missiles
 p - 9 boomerangs
 q - 5 large rocks (quivered)
Armour
 c - a +1 robe of willpower
 n - a +2 robe of cold resistance (worn)
 r - a +0 tower shield (worn)
Jewellery
 b - an amulet of the acrobat (around neck)
 i - a ring of protection from cold (left claw)
 o - a +6 ring of strength (right claw)
Wands
 g - a wand of digging (3)
Scrolls
 a - a scroll of enchant armour
 d - 10 scrolls of identify
 k - 2 scrolls of enchant weapon
 m - a scroll of brand weapon
Potions
 h - a potion of mutation
 j - 3 potions of haste
 l - 4 potions of cancellation

Dungeon Overview and Level Annotations

Branches:
Dungeon (9/15)             Temple (0/1) D:6             Orc (0/2) D:9
   Lair: D:8-11

Altars:
Ashenzari
Gozag
Okawaru

Shops:
D:1 *   D:3 (   D:8 *(?:

Annotations:
D:9 Psyche


Message History

The guardian serpent casts a spell at you.
You feel yourself slow down. The small abomination hits you!
The guardian serpent barely misses you.
You mangle the guardian serpent!!
You kill the guardian serpent!
You feel very sick. The small abomination hits you!
A naga comes into view. It is wielding a +0 dire flail.
The small abomination completely misses you.
You mangle the small abomination!!
You destroy the small abomination!
You feel very sick.
You hear a shout!
The naga spits poison at you.
The splash of poison hits you but does no damage.
You are more poisoned.
A naga comes into view. It is wielding a +0 battleaxe.
You hear a shout!
7441 ||| Stepping ~*~*~tactically~*~*~ (hiding).
You feel very sick.
You hear a shout!
You feel very sick.
A naga comes into view. It is wielding a +0 battleaxe.
7443 ||| Stepping ~*~*~tactically~*~*~ (hiding).
You feel sick.
A naga warrior comes into view. It is wielding a +0 war axe.
7444 ||| Stepping ~*~*~tactically~*~*~ (hiding).
You feel sick.
You feel sick. The naga spits poison at you.
The splash of poison hits you but does no damage.
You are more poisoned.
You scratch the naga warrior.
The naga warrior is lightly wounded.
You feel very sick. The naga spits poison at you.
The splash of poison misses you.
A naga warrior comes into view. It is wielding a +0 war axe.
The naga warrior hits you with a +0 war axe!!
You die...

.... ... .
..#######' #.~ #
~~~~~~~~#~ #..
###~~~~~~~~~
#........NN.
...###...# ... #
#..##..# ..# #.
##....@# .
#.#...#.N##.N. .
#.......N.....
..#.........N...\.
#.................
#..
###..#..%.#.... .
. ##.............
.. #.............
. #......... .....


You could see 2 naga warriors and 3 nagas.

Vanquished Creatures
  Erica (D:9)
  A wretched star (Abyss:1)
  Pikel (D:7)
  A cyclops (D:8)
  A guardian serpent (Abyss:1)
  An ice statue (D:9)
  An orange demon (Abyss:1)
  An unseen horror (Abyss:1)
  A hornet (D:8)
  Grinder (D:3)
  A large abomination (Abyss:1)
  3 blink frogs (Abyss:1)
  A slime creature (D:8)
  4 starcursed masses (Abyss:1)
  3 yaks (D:6)
  A wraith (D:8)
  A wyvern (D:8)
  A fire bat (shapeshifter) (Abyss:1)
  2 small abominations (Abyss:1)
  2 steam dragons (D:8)
  A chaos spawn (Abyss:1)
  Duvessa (D:7)
  An ice beast (D:7)
  8 orc warriors
  A sky beast (D:7)
  3 ogres
  A centaur (D:9)
  A lemure (D:7)
  2 kobold brigands
  2 bullfrogs
  2 gnoll sergeants
  3 necrophages
  3 scorpions
  3 wights (D:7)
  Dowan (D:7)
  10 killer bees (D:8)
  2 electric eels (D:9)
  2 hounds (D:6)
  A jelly (D:6)
  A gnoll bouda (D:8)
  6 orc priests
  Jessica (D:2)
  Terence (D:2)
  2 iguanas (D:5)
  Natasha (thrice) (D:2)
  11 orc wizards
  15 gnolls
  6 adders
  A shadow imp (D:7)
  2 white imps
  3 ufetubi
  2 dart slugs
  43 orcs
  4 ball pythons
  3 endoplasms
  3 giant cockroaches
  10 goblins
  6 hobgoblins
  8 jackals
  3 quokkas
  3 bats (D:1)
  2 frilled lizards (D:1)
  21 kobolds
  8 rats
245 creatures vanquished.

Vanquished Creatures (others)
  An orc wizard (D:9)
  2 orcs (D:9)
3 creatures vanquished.

Grand Total: 248 creatures vanquished

Notes
Turn   | Place    | Note
-------+----------+-------------------------------------------
     0 | D:1      | qw the Troll Cinder Acolyte began the quest for the Orb.
     0 | D:1      | Reached XP level 1. HP: 22/22 MP: 1/1
     0 | D:1      | 0 ||| qw: Version: 0.1-a-97-g2dd2ca4
     0 | D:1      | 0 ||| qw: Game counter: 4582
     0 | D:1      | 0 ||| qw: Always use a shield: true
     0 | D:1      | 0 ||| qw: God list: Okawaru
     0 | D:1      | 0 ||| qw: Allow faded altars: false
     0 | D:1      | 0 ||| qw: Do Orc after D:15 true
     0 | D:1      | 0 ||| qw: Do second Lair branch before Depths: true
     0 | D:1      | 0 ||| qw: Lair rune preference: random
     0 | D:1      | 0 ||| qw: Plans: Normal
     0 | D:1      | 0 ||| PLANNING D:1-11
    79 | D:1      | Found a faded altar of an unknown god.
   184 | D:1      | Reached XP level 2. HP: 29/29 MP: 2/2
   193 | D:1      | Found Moxaits's General Store.
   204 | D:1      | 204 ||| SHOPLISTING scroll of identify (22 gold, have 12).
   268 | D:1      | 268 ||| Stepping ~*~*~tactically~*~*~ (stealth).
   273 | D:1      | 273 ||| Stepping ~*~*~tactically~*~*~ (outnumbered).
   287 | D:1      | Reached skill level 4 in Unarmed Combat
   597 | D:1      | Reached XP level 3. HP: 36/36 MP: 3/3
   753 | D:1      | 753 ||| UPGRADING to amulet of the acrobat.
   758 | D:1      | 758 ||| READING 2 scrolls labelled GESAOH QESEME.
   759 | D:1      | 759 ||| DRINKING 2 pink potions.
   808 | D:2      | Found a broken altar of Ashenzari.
   903 | D:2      | 903 ||| Stepping ~*~*~tactically~*~*~ (stealth).
   931 | D:2      | Noticed Natasha
   933 | D:2      | 933 ||| Stepping ~*~*~tactically~*~*~ (hiding).
   942 | D:2      | Killed Natasha
   964 | D:2      | Noticed Terence
   968 | D:2      | Killed Terence
   969 | D:2      | Reached skill level 5 in Unarmed Combat
   969 | D:2      | Reached XP level 4. HP: 31/44 MP: 4/4
  1030 | D:2      | Noticed Jessica
  1032 | D:2      | 1032 ||| Stepping ~*~*~tactically~*~*~ (hiding).
  1045 | D:2      | Killed Jessica
  1161 | D:2      | Noticed Natasha
  1162 | D:2      | 1162 ||| Stepping ~*~*~tactically~*~*~ (stealth).
  1164 | D:2      | 1164 ||| Stepping ~*~*~tactically~*~*~ (hiding).
  1176 | D:2      | Killed Natasha
  1177 | D:2      | Reached XP level 5. HP: 37/50 MP: 5/5
  1567 | D:2      | Noticed Natasha
  1568 | D:2      | 1568 ||| Stepping ~*~*~tactically~*~*~ (hiding).
  1575 | D:2      | Killed Natasha
  1576 | D:2      | Reached skill level 6 in Unarmed Combat
  1802 | D:2      | 1802 ||| READING scroll labelled KIOTYO PAGYARI.
  1803 | D:2      | 1803 ||| READING 2 scrolls labelled TEQICV VARIUNOROBB.
  1804 | D:2      | 1804 ||| READING 2 scrolls of identify.
  1804 | D:2      | 1804 ||| IDENTIFYING golden potion
  1805 | D:2      | 1805 ||| DROPPING scroll of summoning.
  1861 | D:3      | 1861 ||| STAIRDANCE
  1863 | D:2      | 1863 ||| Stepping ~*~*~tactically~*~*~ (outnumbered).
  1864 | D:2      | 1864 ||| Stepping ~*~*~tactically~*~*~ (outnumbered).
  1865 | D:2      | 1865 ||| Stepping ~*~*~tactically~*~*~ (outnumbered).
  1866 | D:2      | 1866 ||| Stepping ~*~*~tactically~*~*~ (outnumbered).
  1867 | D:2      | 1867 ||| Stepping ~*~*~tactically~*~*~ (outnumbered).
  1878 | D:3      | 1878 ||| STAIRDANCE
  1880 | D:2      | 1880 ||| Stepping ~*~*~tactically~*~*~ (outnumbered).
  1881 | D:2      | 1881 ||| Stepping ~*~*~tactically~*~*~ (outnumbered).
  1882 | D:2      | 1882 ||| Stepping ~*~*~tactically~*~*~ (outnumbered).
  1896 | D:3      | 1896 ||| Stepping ~*~*~tactically~*~*~ (outnumbered).
  1897 | D:3      | 1897 ||| Stepping ~*~*~tactically~*~*~ (outnumbered).
  1898 | D:3      | 1898 ||| Stepping ~*~*~tactically~*~*~ (outnumbered).
  1899 | D:3      | 1899 ||| Stepping ~*~*~tactically~*~*~ (outnumbered).
  1900 | D:3      | 1900 ||| Stepping ~*~*~tactically~*~*~ (outnumbered).
  1901 | D:3      | 1901 ||| Stepping ~*~*~tactically~*~*~ (outnumbered).
  1902 | D:3      | 1902 ||| Stepping ~*~*~tactically~*~*~ (outnumbered).
  1903 | D:3      | 1903 ||| Stepping ~*~*~tactically~*~*~ (outnumbered).
  1904 | D:3      | 1904 ||| Stepping ~*~*~tactically~*~*~ (outnumbered).
  1905 | D:3      | 1905 ||| Stepping ~*~*~tactically~*~*~ (outnumbered).
  1906 | D:3      | 1906 ||| Stepping ~*~*~tactically~*~*~ (outnumbered).
  2045 | D:3      | Noticed Grinder
  2046 | D:3      | Paralysed by Grinder for 2 turns
  2061 | D:3      | Killed Grinder
  2062 | D:3      | Reached skill level 7 in Unarmed Combat
  2062 | D:3      | Reached XP level 6. HP: 37/59 MP: 6/6
  2243 | D:3      | 2243 ||| READING scroll labelled OCHOWN FUUZ.
  2244 | D:3      | 2244 ||| READING scroll labelled EFIQECL LEREAJ.
  2245 | D:3      | 2245 ||| READING scroll labelled HYDE DA MYWUOR.
  2276 | D:3      | 2276 ||| Stepping ~*~*~tactically~*~*~ (outnumbered).
  2277 | D:3      | 2277 ||| Stepping ~*~*~tactically~*~*~ (outnumbered).
  2367 | D:3      | Found Hisurr's Weapon Emporium.
  2391 | D:3      | Reached skill level 8 in Unarmed Combat
  2391 | D:3      | Reached XP level 7. HP: 66/66 MP: 7/7
  2504 | D:3      | Found an opulent altar of Gozag.
  2617 | D:3      | 2617 ||| READING scroll labelled YMOMOBO IMYOSA.
  2618 | D:3      | 2618 ||| READING scroll labelled TUUX LULOCRAU.
  2619 | D:3      | 2619 ||| READING scroll labelled HIWKES SEGIY.
  2622 | D:3      | 2622 ||| READING 2 scrolls of identify.
  2622 | D:3      | 2622 ||| IDENTIFYING bubbling silvery potion
  2736 | D:4      | 2736 ||| Stepping ~*~*~tactically~*~*~ (hiding).
  2737 | D:4      | 2737 ||| Stepping ~*~*~tactically~*~*~ (hiding).
  2746 | D:4      | 2746 ||| Stepping ~*~*~tactically~*~*~ (stealth).
  2750 | D:4      | 2750 ||| Stepping ~*~*~tactically~*~*~ (stealth).
  2752 | D:4      | 2752 ||| Stepping ~*~*~tactically~*~*~ (hiding).
  3101 | D:4      | 3101 ||| UPGRADING to +2 robe of cold resistance.
  3111 | D:4      | 3111 ||| DROPPING +0 robe.
  3112 | D:4      | 3112 ||| UPGRADING to ring of protection from cold.
  3113 | D:4      | 3113 ||| READING scroll labelled IMOKAR KUWAXZOT.
  3114 | D:4      | 3114 ||| READING 3 scrolls of identify.
  3114 | D:4      | 3114 ||| IDENTIFYING sapphire potion
  3115 | D:4      | 3115 ||| DROPPING potion of attraction.
  3120 | D:5      | Entered Level 5 of the Dungeon
  3123 | D:5      | 3123 ||| STAIRDANCE
  3131 | D:5      | Reached skill level 3 in Fighting
  3133 | D:5      | 3133 ||| Stepping ~*~*~tactically~*~*~ (stealth).
  3236 | D:5      | 3236 ||| INVOKING Fiery Armour.
  3238 | D:5      | Reached skill level 9 in Unarmed Combat
  3303 | D:5      | 3303 ||| Stepping ~*~*~tactically~*~*~ (stealth).
  3305 | D:5      | 3305 ||| Stepping ~*~*~tactically~*~*~ (hiding).
  3307 | D:5      | 3307 ||| Stepping ~*~*~tactically~*~*~ (outnumbered).
  3317 | D:5      | Reached skill level 1 in Dodging
  3456 | D:5      | 3456 ||| Stepping ~*~*~tactically~*~*~ (stealth).
  3457 | D:5      | 3457 ||| Stepping ~*~*~tactically~*~*~ (stealth).
  3464 | D:5      | 3464 ||| Stepping ~*~*~tactically~*~*~ (hiding).
  3477 | D:5      | Reached XP level 8. HP: 60/75 MP: 8/8
  3480 | D:5      | 3480 ||| Stepping ~*~*~tactically~*~*~ (outnumbered).
  3703 | D:5      | 3703 ||| READING 3 scrolls of identify.
  3703 | D:5      | 3703 ||| IDENTIFYING bubbling emerald potion
  3704 | D:5      | 3704 ||| DROPPING potion of lignification.
  3797 | D:6      | Identified the +5 leather armour of the Furies {Harm Dex+4}
  3817 | D:6      | 3817 ||| Stepping ~*~*~tactically~*~*~ (stealth).
  3834 | D:6      | 3834 ||| Stepping ~*~*~tactically~*~*~ (stealth).
  4054 | D:6      | Found a staircase to the Ecumenical Temple.
  4061 | D:6      | 4061 ||| INVOKING Fiery Armour.
  4062 | D:6      | 4062 ||| FLEEEEING.
  4080 | D:6      | Reached skill level 10 in Unarmed Combat
  4114 | D:6      | 4114 ||| Stepping ~*~*~tactically~*~*~ (stealth).
  4308 | D:6      | 4308 ||| Stepping ~*~*~tactically~*~*~ (outnumbered).
  4309 | D:6      | 4309 ||| Stepping ~*~*~tactically~*~*~ (outnumbered).
  4310 | D:6      | 4310 ||| Stepping ~*~*~tactically~*~*~ (outnumbered).
  4311 | D:6      | 4311 ||| Stepping ~*~*~tactically~*~*~ (outnumbered).
  4313 | D:6      | 4313 ||| Stepping ~*~*~tactically~*~*~ (outnumbered).
  4314 | D:6      | 4314 ||| Stepping ~*~*~tactically~*~*~ (outnumbered).
  4315 | D:6      | 4315 ||| Stepping ~*~*~tactically~*~*~ (outnumbered).
  4316 | D:6      | 4316 ||| Stepping ~*~*~tactically~*~*~ (outnumbered).
  4317 | D:6      | 4317 ||| Stepping ~*~*~tactically~*~*~ (outnumbered).
  4319 | D:6      | 4319 ||| Stepping ~*~*~tactically~*~*~ (outnumbered).
  4400 | D:6      | Identified the +5 dagger "Qiminuel" {freeze, Will++ Dex+3}
  4482 | D:6      | 4482 ||| READING scroll labelled GARGHU DO SACE.
  4483 | D:6      | 4483 ||| READING 5 scrolls of identify.
  4483 | D:6      | 4483 ||| IDENTIFYING glowing emerald potion
  4484 | D:6      | 4484 ||| READING 4 scrolls of identify.
  4484 | D:6      | 4484 ||| IDENTIFYING bubbling red potion
  4485 | D:6      | 4485 ||| DROPPING potion of flight.
  4524 | D:7      | 4524 ||| STAIRDANCE
  4538 | D:7      | 4538 ||| STAIRDANCE
  4540 | D:7      | 4540 ||| STAIRDANCE
  4542 | D:7      | 4542 ||| DRINKING 2 potions of curing.
  4542 | D:7      | 4542 ||| (to cure confusion)
  4545 | D:7      | Reached skill level 11 in Unarmed Combat
  4547 | D:7      | 4547 ||| STAIRDANCE
  4596 | D:7      | Noticed Dowan
  4597 | D:7      | 4597 ||| Stepping ~*~*~tactically~*~*~ (hiding).
  4599 | D:7      | 4599 ||| Stepping ~*~*~tactically~*~*~ (hiding).
  4605 | D:7      | Killed Dowan
  4611 | D:7      | Reached XP level 9. HP: 79/84 MP: 9/9
  4617 | D:7      | 4617 ||| Stepping ~*~*~tactically~*~*~ (stealth).
  4622 | D:7      | 4622 ||| Stepping ~*~*~tactically~*~*~ (stealth).
  4624 | D:7      | 4624 ||| Stepping ~*~*~tactically~*~*~ (stealth).
  4627 | D:7      | Noticed Duvessa
  4628 | D:7      | 4628 ||| Stepping ~*~*~tactically~*~*~ (stealth).
  4651 | D:7      | 4651 ||| INVOKING Fiery Armour.
  4654 | D:7      | Killed Duvessa
  4687 | D:7      | 4687 ||| FLEEEEING.
  4688 | D:7      | 4688 ||| FLEEEEING.
  4689 | D:7      | 4689 ||| FLEEEEING.
  4712 | D:7      | 4712 ||| Stepping ~*~*~tactically~*~*~ (hiding).
  4776 | D:7      | Noticed Pikel
  4780 | D:7      | Paralysed by Pikel for 2 turns
  4783 | D:7      | 4783 ||| Stepping ~*~*~tactically~*~*~ (outnumbered).
  4784 | D:7      | 4784 ||| Stepping ~*~*~tactically~*~*~ (outnumbered).
  4785 | D:7      | 4785 ||| Stepping ~*~*~tactically~*~*~ (outnumbered).
  4788 | D:7      | 4788 ||| Stepping ~*~*~tactically~*~*~ (outnumbered).
  4799 | D:7      | Paralysed by Pikel for 2 turns
  4805 | D:7      | Killed Pikel
  4806 | D:7      | Reached skill level 12 in Unarmed Combat
  4840 | D:7      | Found an iron altar of Okawaru.
  5065 | D:7      | 5065 ||| Stepping ~*~*~tactically~*~*~ (hiding).
  5068 | D:7      | 5068 ||| Stepping ~*~*~tactically~*~*~ (outnumbered).
  5069 | D:7      | 5069 ||| Stepping ~*~*~tactically~*~*~ (hiding).
  5072 | D:7      | 5072 ||| INVOKING Fiery Armour.
  5073 | D:7      | 5073 ||| Stepping ~*~*~tactically~*~*~ (outnumbered).
  5075 | D:7      | 5075 ||| Stepping ~*~*~tactically~*~*~ (outnumbered).
  5156 | D:7      | 5156 ||| Stepping ~*~*~tactically~*~*~ (stealth).
  5167 | D:7      | 5167 ||| Stepping ~*~*~tactically~*~*~ (outnumbered).
  5168 | D:7      | 5168 ||| Stepping ~*~*~tactically~*~*~ (outnumbered).
  5172 | D:7      | 5172 ||| Stepping ~*~*~tactically~*~*~ (outnumbered).
  5173 | D:7      | 5173 ||| Stepping ~*~*~tactically~*~*~ (outnumbered).
  5174 | D:7      | 5174 ||| Stepping ~*~*~tactically~*~*~ (outnumbered).
  5175 | D:7      | 5175 ||| Stepping ~*~*~tactically~*~*~ (outnumbered).
  5176 | D:7      | 5176 ||| Stepping ~*~*~tactically~*~*~ (outnumbered).
  5178 | D:7      | 5178 ||| Stepping ~*~*~tactically~*~*~ (outnumbered).
  5179 | D:7      | 5179 ||| Stepping ~*~*~tactically~*~*~ (outnumbered).
  5180 | D:7      | 5180 ||| Stepping ~*~*~tactically~*~*~ (outnumbered).
  5276 | D:7      | 5276 ||| FLEEEEING.
  5285 | D:7      | 5285 ||| INVOKING Fiery Armour.
  5286 | D:7      | 5286 ||| Stepping ~*~*~tactically~*~*~ (outnumbered).
  5290 | D:7      | Reached skill level 1 in Throwing
  5485 | D:7      | 5485 ||| DRINKING 2 purple potions.
  5486 | D:7      | 5486 ||| READING 5 scrolls of identify.
  5486 | D:7      | 5486 ||| IDENTIFYING cyan potion
  5487 | D:7      | 5487 ||| READING 4 scrolls of identify.
  5487 | D:7      | 5487 ||| IDENTIFYING black potion
  5488 | D:7      | 5488 ||| DRINKING potion of experience.
  5488 | D:7      | Reached skill level 16 in Unarmed Combat
  5488 | D:7      | Reached XP level 10. HP: 96/96 MP: 10/10
  5489 | D:7      | 5489 ||| DROPPING potion of berserk rage.
  5490 | D:7      | 5490 ||| DROPPING potion of degeneration.
  5597 | D:8      | Noticed a cyclops
  5609 | D:8      | 5609 ||| Stepping ~*~*~tactically~*~*~ (outnumbered).
  5622 | D:8      | Killed a cyclops
  5624 | D:8      | 5624 ||| READING 3 scrolls of teleportation.
  5653 | D:8      | Found Eliem's Book Shop.
  5654 | D:8      | 5654 ||| Stepping ~*~*~tactically~*~*~ (stealth).
  5659 | D:8      | 5659 ||| READING 2 scrolls of teleportation.
  5687 | D:8      | 5687 ||| Stepping ~*~*~tactically~*~*~ (stealth).
  5718 | D:8      | Reached skill level 6 in Fighting
  5718 | D:8      | Reached XP level 11. HP: 105/105 MP: 11/11
  5844 | D:8      | 5844 ||| Stepping ~*~*~tactically~*~*~ (outnumbered).
  5858 | D:8      | 5858 ||| INVOKING Fiery Armour.
  5881 | D:8      | 5881 ||| Stepping ~*~*~tactically~*~*~ (stealth).
  5951 | D:8      | 5951 ||| DROPPING amulet of magic regeneration.
  5952 | D:8      | 5952 ||| UPGRADING to +6 ring of strength.
  5953 | D:8      | 5953 ||| READING scroll labelled WEZY VEPNIGRESUG.
  5954 | D:8      | 5954 ||| READING scroll of teleportation.
  5966 | D:8      | 5966 ||| Stepping ~*~*~tactically~*~*~ (hiding).
  6097 | D:8      | 6097 ||| Stepping ~*~*~tactically~*~*~ (stealth).
  6100 | D:8      | 6100 ||| Stepping ~*~*~tactically~*~*~ (stealth).
  6102 | D:8      | 6102 ||| Stepping ~*~*~tactically~*~*~ (stealth).
  6107 | D:8      | 6107 ||| Stepping ~*~*~tactically~*~*~ (stealth).
  6108 | D:8      | 6108 ||| Stepping ~*~*~tactically~*~*~ (stealth).
  6109 | D:8      | 6109 ||| Stepping ~*~*~tactically~*~*~ (stealth).
  6111 | D:8      | 6111 ||| Stepping ~*~*~tactically~*~*~ (stealth).
  6114 | D:8      | 6114 ||| Stepping ~*~*~tactically~*~*~ (stealth).
  6115 | D:8      | 6115 ||| Stepping ~*~*~tactically~*~*~ (stealth).
  6116 | D:8      | 6116 ||| Stepping ~*~*~tactically~*~*~ (stealth).
  6119 | D:8      | 6119 ||| Stepping ~*~*~tactically~*~*~ (stealth).
  6121 | D:8      | 6121 ||| Stepping ~*~*~tactically~*~*~ (stealth).
  6253 | D:8      | Found Afairr's Antique Weapon Boutique.
  6254 | D:8      | 6254 ||| Stepping ~*~*~tactically~*~*~ (stealth).
  6255 | D:8      | 6255 ||| Stepping ~*~*~tactically~*~*~ (stealth).
  6260 | D:8      | 6260 ||| Stepping ~*~*~tactically~*~*~ (stealth).
  6262 | D:8      | 6262 ||| Stepping ~*~*~tactically~*~*~ (stealth).
  6265 | D:8      | 6265 ||| Stepping ~*~*~tactically~*~*~ (stealth).
  6277 | D:8      | Reached skill level 3 in Throwing
  6323 | D:8      | Found Iciax's Magic Scroll Emporium.
  6343 | D:8      | 6343 ||| BUYING scroll of enchant armour (97 gold).
  6343 | D:8      | Bought a scroll of enchant armour for 97 gold pieces
  6343 | D:8      | 6343 ||| BUYING scroll of enchant weapon (97 gold).
  6343 | D:8      | Bought a scroll of enchant weapon for 97 gold pieces
  6343 | D:8      | 6343 ||| SHOPLISTING scroll of enchant weapon (97 gold,
                  | have 81).
  6343 | D:8      | 6343 ||| BUYING scroll of identify (26 gold).
  6343 | D:8      | Bought a scroll of identify for 26 gold pieces
  6343 | D:8      | 6343 ||| BUYING scroll of identify (26 gold).
  6343 | D:8      | Bought a scroll of identify for 26 gold pieces
  6343 | D:8      | 6343 ||| BUYING scroll of identify (26 gold).
  6343 | D:8      | Bought a scroll of identify for 26 gold pieces
  6343 | D:8      | 6343 ||| SHOPLISTING scroll of identify (26 gold, have 3).
  6399 | D:8      | Found Zuatolot's General Store.
  6402 | D:8      | 6402 ||| SHOPLISTING potion of mutation (96 gold, have 3).
  6402 | D:8      | 6402 ||| SHOPLISTING scroll of enchant weapon (90 gold,
                  | have 3).
  6501 | D:9      | 6501 ||| Stepping ~*~*~tactically~*~*~ (hiding).
  6502 | D:9      | 6502 ||| Stepping ~*~*~tactically~*~*~ (hiding).
  6578 | D:9      | 6578 ||| INVOKING Fiery Armour.
  6579 | D:9      | 6579 ||| Stepping ~*~*~tactically~*~*~ (outnumbered).
  6581 | D:9      | 6581 ||| FLEEEEING.
  6582 | D:9      | 6582 ||| FLEEEEING.
  6583 | D:9      | 6583 ||| FLEEEEING.
  6584 | D:9      | 6584 ||| FLEEEEING.
  6600 | D:9      | 6600 ||| FLEEEEING.
  6601 | D:9      | 6601 ||| FLEEEEING.
  6602 | D:9      | 6602 ||| FLEEEEING.
  6603 | D:9      | 6603 ||| FLEEEEING.
  6647 | D:9      | 6647 ||| FLEEEEING.
  6648 | D:9      | 6648 ||| FLEEEEING.
  6649 | D:9      | 6649 ||| FLEEEEING.
  6655 | D:9      | 6655 ||| Stepping ~*~*~tactically~*~*~ (outnumbered).
  6657 | D:9      | 6657 ||| Stepping ~*~*~tactically~*~*~ (stealth).
  6673 | D:9      | 6673 ||| Stepping ~*~*~tactically~*~*~ (stealth).
  6674 | D:9      | 6674 ||| Stepping ~*~*~tactically~*~*~ (stealth).
  6675 | D:9      | 6675 ||| Stepping ~*~*~tactically~*~*~ (stealth).
  6695 | D:9      | 6695 ||| FLEEEEING.
  6696 | D:9      | 6696 ||| FLEEEEING.
  6697 | D:9      | 6697 ||| FLEEEEING.
  6698 | D:9      | 6698 ||| FLEEEEING.
  6699 | D:9      | 6699 ||| FLEEEEING.
  6700 | D:9      | 6700 ||| FLEEEEING.
  6701 | D:9      | 6701 ||| FLEEEEING.
  6702 | D:9      | 6702 ||| FLEEEEING.
  6703 | D:9      | 6703 ||| FLEEEEING.
  6729 | D:9      | 6729 ||| FLEEEEING.
  6730 | D:9      | 6730 ||| FLEEEEING.
  6731 | D:9      | 6731 ||| FLEEEEING.
  6780 | D:9      | 6780 ||| FLEEEEING.
  6781 | D:9      | 6781 ||| FLEEEEING.
  6782 | D:9      | 6782 ||| FLEEEEING.
  6783 | D:9      | 6783 ||| FLEEEEING.
  6784 | D:9      | 6784 ||| FLEEEEING.
  6785 | D:9      | 6785 ||| FLEEEEING.
  6786 | D:9      | 6786 ||| FLEEEEING.
  6787 | D:9      | 6787 ||| FLEEEEING.
  6788 | D:9      | 6788 ||| FLEEEEING.
  6814 | D:9      | Found a staircase to the Orcish Mines.
  7038 | D:9      | Noticed Erica
  7039 | D:9      | 7039 ||| DRINKING potion of curing.
  7039 | D:9      | 7039 ||| (to cure confusion)
  7040 | D:9      | 7040 ||| INVOKING Fiery Armour.
  7051 | D:9      | Killed Erica
  7157 | D:9      | 7157 ||| Stepping ~*~*~tactically~*~*~ (stealth).
  7160 | D:9      | 7160 ||| INVOKING Fiery Armour.
  7163 | D:9      | 7163 ||| Stepping ~*~*~tactically~*~*~ (outnumbered).
  7167 | D:9      | 7167 ||| FLEEEEING.
  7168 | D:9      | 7168 ||| Stepping ~*~*~tactically~*~*~ (hiding).
  7176 | D:9      | 7176 ||| Stepping ~*~*~tactically~*~*~ (outnumbered).
  7246 | D:9      | Noticed Psyche
  7246 | Abyss:1  | Cast into level 1 of the Abyss (Psyche)
  7247 | Abyss:1  | 7247 ||| UPGRADING to +0 tower shield.
  7252 | Abyss:1  | 7252 ||| READING scroll labelled LARHEM LOPTOI.
  7302 | Abyss:1  | Noticed a wretched star
  7303 | Abyss:1  | 7303 ||| Stepping ~*~*~tactically~*~*~ (stealth).
  7310 | Abyss:1  | 7310 ||| Stepping ~*~*~tactically~*~*~ (stealth).
  7312 | Abyss:1  | 7312 ||| Stepping ~*~*~tactically~*~*~ (stealth).
  7319 | Abyss:1  | 7319 ||| Stepping ~*~*~tactically~*~*~ (stealth).
  7323 | Abyss:1  | 7323 ||| Stepping ~*~*~tactically~*~*~ (stealth).
  7325 | Abyss:1  | 7325 ||| Stepping ~*~*~tactically~*~*~ (stealth).
  7326 | Abyss:1  | 7326 ||| INVOKING Fiery Armour.
  7339 | Abyss:1  | Reached skill level 1 in Shields
  7345 | Abyss:1  | 7345 ||| Stepping ~*~*~tactically~*~*~ (stealth).
  7346 | Abyss:1  | 7346 ||| Stepping ~*~*~tactically~*~*~ (stealth).
  7348 | Abyss:1  | 7348 ||| Stepping ~*~*~tactically~*~*~ (stealth).
  7353 | Abyss:1  | HP: 22/105 [blink frog (13)]
  7354 | Abyss:1  | 7354 ||| DRINKING 3 potions of heal wounds.
  7360 | Abyss:1  | Reached skill level 3 in Shields
  7369 | Abyss:1  | Noticed a wretched star
  7372 | Abyss:1  | Noticed a starcursed mass
  7381 | Abyss:1  | Killed a wretched star
  7399 | Abyss:1  | 7399 ||| Stepping ~*~*~tactically~*~*~ (stealth).
  7416 | Abyss:1  | Killed a starcursed mass
  7420 | Abyss:1  | 7420 ||| Stepping ~*~*~tactically~*~*~ (outnumbered).
  7421 | Abyss:1  | Killed a starcursed mass
  7424 | Abyss:1  | Killed a starcursed mass
  7426 | Abyss:1  | 7426 ||| INVOKING Fiery Armour.
  7430 | Abyss:1  | Killed a starcursed mass
  7431 | Abyss:1  | 7431 ||| DRINKING 2 potions of heal wounds.
  7435 | Abyss:1  | HP: 26/105 [poisoned by a guardian serpent (bolt of
                  | poison)]
  7436 | Abyss:1  | 7436 ||| DRINKING potion of heal wounds.
  7440 | Abyss:1  | HP: 13/105 [poisoned by a guardian serpent (bolt of
                  | poison)]
  7441 | Abyss:1  | 7441 ||| Stepping ~*~*~tactically~*~*~ (hiding).
  7443 | Abyss:1  | 7443 ||| Stepping ~*~*~tactically~*~*~ (hiding).
  7443 | Abyss:1  | Noticed a naga warrior
  7444 | Abyss:1  | 7444 ||| Stepping ~*~*~tactically~*~*~ (hiding).
  7445 | Abyss:1  | HP: 9/105 [poisoned by a naga (splash of poison)]
  7446 | Abyss:1  | Noticed a naga warrior
  7446 | Abyss:1  | Mangled by a naga warrior

Levels and vault maps discovered:
D:1:      matt_arrival_diagonals, layout_loops_ring, serial_shops, shop,
          chequers_ecumenical_altar_twisty
D:2:      layout_loops_corners, basic_altar,
          nicolae_concentric_dashed_squares_wild, minmay_misc_feat_x,
          uniq_natasha, uniq_terence, uniq_jessica
D:3:      cheibrodos_thug_alley, layout_basic,
          mainiacjoe_overflow_small_starburst, serial_shops,
          nicolae_shop_bloodbath_and_beyond, uniq_grinder
D:4:      layout_rooms
D:5:      layout_basic, lemuel_old_faithful
D:6:      layout_loops_ring, minmay_temple_entry_drinking_statues
D:7:      layout_basic, okawaru_trees_1, uniq_duvessa, uniq_pikel
D:8:      nicolae_cairo_tiling_large, layout_basic, serial_shops, shop, shop,
          nicolae_shop_window_shopping,
          nicolae_shop_competitors_out_of_business, minmay_radiant
D:9:      minmay_statue_hallways, layout_gridville, erik_orc_2,
          evilmike_butchery, uniq_erica, uniq_psyche
Abyss:1:  base: D:7, abyss_furniture_001, minivault_1

Skill      XL: |  1  2  3  4  5  6  7  8  9 10 11 |
---------------+----------------------------------+-----
Unarmed Combat | 4 5 7 8 9 11 16 | 16.1
Fighting       | 3 4 5 6 |  6.1
Dodging        | 1 |  1.1
Throwing       | 1 5 |  5.6
Shields        | 5 |  5.7
Spellcasting   | |  1.0
Fire Magic     | |  2.1

Action                   |  1- 3 |  4- 6 |  7- 9 | 10-12 || total
-------------------------+-------+-------+-------+-------++-------
Melee: Unarmed           |    86 |   123 |   231 |   203 ||   643
       Punch             |     3 |     5 |     6 |    11 ||    25
Throw: Boomerang         |    10 |    24 |       |    18 ||    52
       Large rock        |       |       |       |    20 ||    20
Invok: Fiery Armour      |       |       |     5 |     6 ||    11
  Use: Scroll            |     1 |     6 |    12 |     5 ||    24
       Potion            |     1 |       |     3 |     4 ||     8
Armor: Robe              |    13 |    38 |    80 |    67 ||   198
Dodge: Dodged            |    31 |    62 |   111 |   107 ||   311
Block: Tower shield      |       |       |       |    24 ||    24

Table legend:
 A = Non-vault XP
 B = Vault XP
 C = Vault XP percentage of total XP
 D = Non-vault monster count
 E = Vault monster count
 F = Vault count percentage of total count
                 A         B        C        D         E       F
            +---------+---------+-------+---------+---------+-------
      Total |   10544 |    4466 |  29.8 |     205 |      40 |  16.3
            +---------+---------+-------+---------+---------+-------
        D:1 |      44 |       0 |   0.0 |      26 |       0 |   0.0
        D:2 |     120 |     108 |  47.4 |      20 |       3 |  13.0
        D:3 |     160 |     387 |  70.7 |      19 |      11 |  36.7
        D:4 |      77 |       0 |   0.0 |      10 |       0 |   0.0
        D:5 |     627 |       0 |   0.0 |      24 |       0 |   0.0
        D:6 |    1064 |       0 |   0.0 |      17 |       0 |   0.0
        D:7 |    1274 |     872 |  40.6 |      29 |       3 |   9.4
        D:8 |    1953 |     996 |  33.8 |      32 |       3 |   8.6
        D:9 |     562 |    2103 |  78.9 |      10 |      20 |  66.7
    Abyss:1 |    4663 |       0 |   0.0 |      18 |       0 |   0.0
            +---------+---------+-------+---------+---------+-------
